 Dungeon Crawl Stone Soup version 0.25-a0-705-ge9988fc0fb (webtiles) character file.

Game seed: 16816418776912969933, levelgen mode: deterministic

1743 Maedhros the Covert (level 9, -12/54 HPs)
             Began as an Octopode Artificer on Apr 4, 2020.
             Mangled by an ogre
             ... wielding a +0 giant spiked club
              (23 damage)
             ... on level 7 of the Dungeon.
             The game lasted 00:11:54 (5937 turns).

Maedhros the Covert (Octopode Artificer)            Turns: 5937, Time: 00:11:55

Health: -12/54     AC:  1    Str: 11    XL:     9   Next: 5%
Magic:  15/15      EV: 14    Int: 13    God:
Gold:   138        SH:  0    Dex: 18    Spells: 8/8 levels left

rFire    . . .     SeeInvis .   h - +3 scimitar (flame)
rCold    . . .     Gourm    .   (no shield)
rNeg     . . .     Faith    .   (helmet restricted)
rPois    .         Spirit   .   (no amulet)
rElec    .         Reflect  .   o - +2 ring of dexterity
rCorr    .         Harm     .   (no ring)
MR       .....                  (no ring)
Stlth    ++++++....             (no ring)
HPRegen  0.18/turn              (no ring)
MPRegen  0.14/turn              (no ring)
                                (no ring)
                                (no ring)

@: no status effects
A: almost no armour, stealthy swim, amphibious, 8 rings, constrict 8, camouflage
1, gelatinous body 1
a: no special abilities


You were on level 7 of the Dungeon.
You were not hungry.

You visited 2 branches of the dungeon, and saw 8 of its levels.
You also visited: Ossuary.

You collected 248 gold pieces.
You spent 110 gold pieces at shops.

Inventory:

Hand Weapons
 a - a +0 short sword
 h - a +3 scimitar of flaming (weapon)
 r - a +1 flail of protection
 s - a +2 halberd of protection
Jewellery
 i - an uncursed amulet of the gourmand
 o - a +2 ring of dexterity (left tentacle)
Wands
 b - a wand of flame (3)
 d - a wand of random effects (9)
Scrolls
 g - 2 scrolls of enchant weapon
 j - a scroll of blinking
 k - a scroll of noise {unknown}
 l - 5 scrolls of remove curse
 m - a scroll of magic mapping
 p - a scroll of amnesia {unknown}
 q - 3 scrolls of teleportation
 t - a scroll of summoning {unknown}
Potions
 c - a potion of invisibility
 e - 2 potions of stabbing
 u - a potion of brilliance {unknown}
 v - 2 potions of curing {unknown}
Comestibles
 f - 9 rations


   Skills:
 + Level 2.0 Fighting
 - Level 1.0 Short Blades
 + Level 2.7 Dodging
 + Level 10.9 Stealth
 + Level 9.1 Evocations


You had 8 spell levels left.
You didn't know any spells.
Your spell library was empty.

Dungeon Overview and Level Annotations

Branches:
Dungeon (7/15)             Temple (1/1) D:7         Ossuary (visited)

Altars:
Ashenzari
Dithmenos
Elyvilon
Gozag
Hepliaklqana
Kikubaaqudgha
Makhleb
Nemelex Xobeh
Okawaru
Ru
Sif Muna
Trog
Uskayaw
Vehumet
Xom
Zin
The Shining One

Shops:
D:4 }*

Annotations:
D:6 1 runed translucent door, 2 transporters, karf's ghost, novice DEVM


Innate Abilities, Weirdness & Mutations

You cannot wear most types of armour.
You are very stealthy in the water. (Stealth+)
You are amphibious.
You can wear up to eight rings at the same time.
You can use your tentacles to constrict eight enemies at once.
Your skin changes colour to match your surroundings (Stealth+).
Your rubbery body absorbs attacks. (AC +1, EV +1)


Message History

The ogre hits you with a +0 giant spiked club!!
* * * LOW HITPOINT WARNING * * *
Evoke which item? (* to show all) (? for menu, Esc to quit)
You don't have any such object.
Evoke which item? (* to show all) (? for menu, Esc to quit)
Aiming: Paralyse
Press: ? - help, Shift-Dir - straight line, f/p - ogre
Aim: an ogre, wielding a +0 giant spiked club (chance to defeat MR: 71%)
The ogre struggles to resist.
Evoke which item? (* to show all) (? for menu, Esc to quit)
Aiming: Paralyse
Press: ? - help, Shift-Dir - straight line, f/p - ogre
Aim: an ogre, wielding a +0 giant spiked club (chance to defeat MR: 71%)
The ogre struggles to resist.
The now-empty wand crumbles to dust.
The ogre misses you.
You riposte.
You slash the ogre! You burn the ogre.
The ogre is heavily wounded.
You hit the ogre but do no damage.
The ogre is heavily wounded.
The ogre hits you with a +0 giant spiked club!!
You die...

.#..######,,,**#.#
*,**,*,* .#.## ***** #.#
***,****,** )#.# *,* #.#
****,*,****,,, .#.# *,*
#.# *,,,*,,,,,,,,, .#.#
*,* #.# *,,,**,,,,,,,*
.#.# ****,*
#.#**,,,***,**,,,* .#.#
*,,,,* #.#*,****
**,,,,,, .#,*##*,****
#.#**,** **,**,,,*
##......#
#@#**,,***,*******
*..##..# #O#*,,,,*,**
##.##..#
#.#*,,,*,*******
##...#..###
#.#*,,,,,,,,,,,*
#.........#
#.#*,*,,******,*
#....#..#.## #.#*,**,*
*,*
.....#.....#####.##.#*,*
*,*
#.#......#..........#*,*
*,*
...†###....##########*,*
**,***


You could see an ogre.

Vanquished Creatures
  Maggie (D:7)
  2 sky beasts (D:7)
  An elf zombie (Ossuary)
  A bullfrog (D:6)
  A scorpion (D:5)
  A wight (D:6)
  2 howler monkeys (D:7)
  3 centaur zombies
  A crimson imp (D:7)
  A quasit (D:7)
  2 hounds
  A human zombie (Ossuary)
  A bullfrog skeleton (D:5)
  3 orc priests (D:5)
  A jelly (D:7)
  4 orc wizards (D:5)
  2 iguanas
  2 worker ants (D:7)
  2 big kobold zombies (Ossuary)
  A hound skeleton (D:5)
  2 hound zombies (Ossuary)
  3 mummies (Ossuary)
  3 adders
  10 gnolls
  3 shadow imps
  An ooze (D:4)
  4 adder zombies (Ossuary)
  A worm (D:5)
  A dart slug (D:1)
  A leopard gecko (D:4)
  14 orcs
  A ball python (D:3)
  2 bats (D:1)
  A giant cockroach (D:3)
  5 goblins (D:1)
  6 hobgoblins
  5 jackals
  5 kobolds
  5 quokkas
  4 frilled lizards
  A gnoll zombie (Ossuary)
  3 goblin zombies (Ossuary)
  3 hobgoblin zombies (Ossuary)
  5 jackal zombies (Ossuary)
  3 kobold zombies (Ossuary)
  A leopard gecko skeleton (D:4)
  An orc zombie (Ossuary)
  2 quokka zombies (Ossuary)
  2 rats (D:1)
  4 rat zombies (Ossuary)
135 creatures vanquished.

Vanquished Creatures (collateral kills)
  An orc wizard (D:5)
  2 gnolls
  4 orcs
  A frilled lizard (D:4)
8 creatures vanquished.

Vanquished Creatures (others)
  A centaur (D:5)
  A gnoll sergeant (D:6)
  A water moccasin skeleton (D:4)
  2 orc wizards (D:5)
5 creatures vanquished.

Grand Total: 148 creatures vanquished

Notes
Turn   | Place    | Note
-------+----------+-------------------------------------------
     0 | D:1      | Maedhros the Octopode Artificer began the quest for the
                  | Orb.
     0 | D:1      | Reached XP level 1. HP: 13/13 MP: 3/3
    31 | D:1      | Reached skill level 2 in Stealth
   181 | D:1      | Reached XP level 2. HP: 15/18 MP: 4/4
  1048 | D:1      | Reached skill level 3 in Stealth
  1155 | D:1      | Reached XP level 3. HP: 23/23 MP: 5/5
  1791 | D:4      | Found Vaug Doaty's Gadget Shop.
  1797 | D:4      | Bought a wand of paralysis (8) for 110 gold pieces
  1832 | D:4      | Reached XP level 4. HP: 11/28 MP: 7/7
  1862 | D:4      | Reached skill level 4 in Stealth
  2096 | D:4      | Found Zin's Purification Station.
  2103 | D:4      | Found a glowing silver altar of Zin.
  2231 | D:5      | Entered Level 5 of the Dungeon
  2239 | D:5      | Reached XP level 5. HP: 7/33 MP: 8/8
  2488 | D:5      | Reached skill level 5 in Stealth
  2488 | D:5      | Reached skill level 5 in Evocations
  2668 | D:5      | Noticed a centaur
  2800 | D:5      | Reached XP level 6. HP: 24/38 MP: 10/10
  3094 | D:5      | Found a white marble altar of Elyvilon.
  3100 | D:5      | Reached skill level 6 in Stealth
  3626 | D:5      | Reached skill level 7 in Stealth
  3860 | D:5      | Reached XP level 7. HP: 31/43 MP: 11/11
  4368 | D:6      | Reached skill level 8 in Stealth
  4706 | D:6      | Found a shimmering altar of Xom.
  4706 | D:6      | Noticed karf's ghost (novice DEVM)
  4706 | D:6      | Noticed a +0 short sword of chaos
  4707 | D:6      | Found a runed translucent door.
  4724 | D:6      | Found a transporter.
  4733 | D:6      | Found a transporter.
  4966 | D:6      | Found a shimmering blue altar of Sif Muna.
  4999 | D:7      | Found a staircase to the Ecumenical Temple.
  5016 | Temple   | Entered the Ecumenical Temple
  5120 | D:7      | Reached XP level 8. HP: 20/48 MP: 13/13
  5158 | D:7      | Found a sand-covered staircase.
  5158 | D:7      | Noticed Maggie
  5184 | D:7      | Reached skill level 9 in Stealth
  5222 | D:7      | Killed Maggie
  5222 | D:7      | Reached skill level 10 in Stealth
  5308 | Ossuary  | Entered an ossuary
  5755 | Ossuary  | Reached XP level 9. HP: 54/54 MP: 15/15
  5937 | D:7      | Mangled by an ogre

Levels and vault maps discovered:
D:1:      dpeg_arrival_morbid_curiosity, layout_basic
D:2:      layout_basic, kennysheep_slug_shrine, nicolae_overflow_hidden_temple,
          grunt_temple_overflow_open, minmay_tree_intersection,
          trog_hazing_becter
D:3:      minmay_bubble_buster, layout_loops_ring, minmay_misc_feat_x,
          corexii_shack
D:4:      layout_loops_ring, zin_purify, serial_shops, shop, nicolae_shop_trees,
          kennysheep_mini, nicolae_shop_stone, shop, minmay_splitting_lines
D:5:      layout_loops_cross, first_ration, minmay_misc_feat_tower,
          elyvilon_altar_5
D:6:      gammafunk_wand_slinger, layout_basic, serial_glass, glass_columns_c,
          glass_columns_a, ebering_ghost_xom, basic_altar
D:7:      layout_loops_ring, minmay_temple_entry_sparse_star, enter_ossuary_1,
          the_bakery, grunt_dithmenos_shadows, uniq_maggie
Temple:   eino_temple_rhombus

Skill      XL: |  1  2  3  4  5  6  7  8  9 |
---------------+----------------------------+-----
Stealth        | 2 3 4 5 7 8 10 | 10.9
Evocations     | 4 5 6 7 9 |  9.1
Fighting       | 2 |  2.0
Short Blades   | |  1.0
Dodging        | |  2.7

Action                   |  1- 3 |  4- 6 |  7- 9 || total
-------------------------+-------+-------+-------++-------
Melee: Short sword       |    67 |    87 |     6 ||   160
       Constrict         |    20 |    19 |    48 ||    87
       Tentacles         |    12 |    16 |    33 ||    61
       Flail             |       |    11 |    67 ||    78
       Scimitar          |       |       |    69 ||    69
Evoke: Wand              |     2 |    18 |    21 ||    41
  Use: Potion            |       |     3 |       ||     3
       Scroll            |       |       |     7 ||     7
 Stab: Sleeping          |     5 |     5 |    16 ||    26
       Distracted        |     1 |     1 |       ||     2
       Paralysed         |       |     1 |     8 ||     9
  Eat: Chunk             |     2 |     4 |     4 ||    10
       Ration            |       |     1 |     1 ||     2
Armor: Skin              |     4 |    10 |    34 ||    48
Dodge: Dodged            |    34 |    56 |   137 ||   227
       Rpst.: Scimitar   |       |       |    18 ||    18

Table legend:
 A = Non-vault XP
 B = Vault XP
 C = Vault XP percentage of total XP
 D = Non-vault monster count
 E = Vault monster count
 F = Vault count percentage of total count
                 A         B        C        D         E       F
            +---------+---------+-------+---------+---------+-------
      Total |    1687 |     803 |  32.2 |     101 |      44 |  30.3
            +---------+---------+-------+---------+---------+-------
        D:1 |      27 |       9 |  25.0 |      15 |       5 |  25.0
        D:2 |       1 |       0 |   0.0 |       1 |       0 |   0.0
        D:3 |      35 |       0 |   0.0 |       7 |       0 |   0.0
        D:4 |      61 |       0 |   0.0 |      13 |       0 |   0.0
        D:5 |     643 |       0 |   0.0 |      38 |       0 |   0.0
        D:6 |     268 |       0 |   0.0 |      13 |       0 |   0.0
        D:7 |     652 |     376 |  36.6 |      14 |       2 |  12.5
    Ossuary |       0 |     418 | 100.0 |       0 |      37 | 100.0
            +---------+---------+-------+---------+---------+-------
